 Dungeon Crawl Stone Soup version 0.30.0-15-g856e2d3f33 (webtiles) character file.

Game seed: 16424470638909261273

3779 Woods the Covert (level 10, 0/66 HPs)
             Began as an Octopode Conjurer on May 19, 2023.
             Was a Follower of Vehumet.
             Slain by a yak (17 damage)
             ... on level 8 of the Dungeon.
             The game lasted 00:24:43 (7791 turns).

Woods the Covert (Octopode Conjurer)                Turns: 7791, Time: 00:24:43

Health: 0/66       AC:  1    Str:  6    XL:     10   Next: 16%
Magic:  20/30      EV: 17    Int: 22    God:    Vehumet [*.....]
Gold:   281        SH:  0    Dex: 20    Spells: 10/24 levels left

rFire   . . .        C - +0 whip (vamp)
rCold   . . .        (no shield)
rNeg    . . .        (helmet restricted)
rPois   .            h - amulet of magic regeneration
rElec   .            i - +6 ring of dexterity
rCorr   .            p - ring of magical power
SInv    .            (no ring)
Will    .....        (no ring)
Stlth   +++++        (no ring)
HPRegen 0.31/turn    (no ring)
MPRegen 0.62/turn    (no ring)
                     (no ring)

%: no passive effects
@: no status effects
A: almost no armour, amphibious, 8 rings, camouflage 1, gelatinous body 1,
(nimble swimmer 1), tentacles
a: Renounce Religion


You were on level 8 of the Dungeon.
You worshipped Vehumet.
Vehumet was aware of your devotion.
You visited 2 branches of the dungeon, and saw 9 of its levels.

You collected 281 gold pieces.

Inventory:

Hand Weapons
 C - a +0 vampiric whip (weapon)
Missiles
 B - 2 throwing nets
Armour
 f - an orb of guile
Jewellery
 h - an amulet of magic regeneration (around mantle)
 i - a +6 ring of dexterity (left tentacle)
 n - a ring of fire
 p - a ring of magical power (right tentacle)
 y - an amulet of reflection
Wands
 A - a wand of mindburst (16)
 D - a wand of paralysis (9)
Scrolls
 b - 7 scrolls of identify {unknown}
 g - 2 scrolls of teleportation {unknown}
 j - 4 scrolls of blinking
 k - a scroll of summoning {unknown}
 l - a scroll of fear {unknown}
 o - 2 scrolls of amnesia {unknown}
 r - 3 scrolls of immolation {unknown}
 s - a scroll of noise {unknown}
 w - a scroll of magic mapping {unknown}
 x - a scroll of vulnerability {unknown}
 E - a scroll of enchant armour {unknown}
Potions
 a - a potion of magic
 c - 5 potions of attraction {unknown}
 d - 2 potions of flight {unknown}
 e - a potion of brilliance {unknown}
 m - a potion of cancellation {unknown}
 q - 4 potions of curing {unknown}
 u - 3 potions of heal wounds {unknown}
 v - a potion of lignification {unknown}
 z - 3 potions of resistance {unknown}
Miscellaneous
 t - a box of beasts


   Skills:
 - Level 5.0 Fighting
 + Level 6.1 Dodging
 + Level 8.6 Stealth
 + Level 7.7 Spellcasting
 + Level 7.8 Conjurations


You had 10 spell levels left.
You knew the following spells:

 Your Spells              Type           Power      Damage    Failure   Level
a - Magic Dart            Conj           100%       1d8       1%          1
b - Searing Ray           Conj           86%        2d7       1%          2
c - Dazzling Flash        Conj/Hex       50%        N/A       4%          3
d - Fulminant Prism       Conj/Hex       12%        3d9       16%         4
e - Iskenderun's Mystic   Conj/Tloc      25%        2d7       16%         4

Your spell library contained the following spells:

 Spells                   Type           Power      Damage    Failure   Level
 Foxfire                  Conj/Fire      100%       2x1d9     1%          1
 Ozocubu's Armour         Ice            8%         N/A       22%         3
 Summon Guardian Golem    Hex/Summ       8%         N/A       22%         3
 Metabolic Englaciation   Hex/Ice        4%         N/A       91%         5
 Orb of Destruction       Conj           21%        9d8       95%         7
 Simulacrum               Ice/Necr       4%         N/A       100%        6
 Spellforged Servitor     Conj/Summ      12%        N/A       100%        7


Dungeon Overview and Level Annotations

Branches:
Dungeon (8/15)             Temple (1/1) D:6
   Lair: D:8-11

Altars:
Ashenzari
Dithmenos
Hepliaklqana
Kikubaaqudgha
Makhleb
Okawaru
Qazlal
Trog
Uskayaw
Vehumet
Zin

Shops:
D:5 !

Annotations:
D:4 exclusion: black bear
D:7 Joseph


Innate Abilities, Weirdness & Mutations

You cannot wear most types of armour.
You are amphibious.
You can wear up to eight rings at the same time.
Your skin changes colour to match your surroundings (Stealth+).
Your rubbery body absorbs attacks. (AC +1, EV +1)
((You are camouflaged when in or above water. (Stealth+)))
You have tentacles for arms and can constrict up to eight enemies at once.


Message History

Aiming: Searing Ray (safe; 1% risk of failure)
Press: ? - help, Shift-Dir - straight line, f/p - yak
Aim: a yak (severely wounded, 89% to hit)
The searing ray hits the yak!
The yak is almost dead.
The searing ray misses the yak.
The searing ray hits the yak!
The yak is moderately wounded. (Press . to maintain the ray.)
The yak bellows!
You hear a bellow!
The yak gores you!
You hear a howl!
The searing ray hits the yak.
You kill the yak!
Vehumet accepts your kill.
The searing ray hits the yak.
The yak is moderately wounded.
The searing ray hits the yak.
The yak is heavily wounded.
A yak comes into view.
Unknown command.
A yak comes into view.
The yak attacks as you move away! The yak gores you!
Casting: Searing Ray (safe; 1% risk of failure)
Confirm with . or Enter, or press ? or * to list all spells.
Casting: Dazzling Flash (dangerous; 4% risk of failure)
Press: ? - help, Dir - look around, f - activate The yak is dazzled.
The yak gores you.
Casting: Dazzling Flash (dangerous; 4% risk of failure)
Confirm with . or Enter, or press ? or * to list all spells.
Casting: Dazzling Flash (dangerous; 4% risk of failure)
Press: ? - help, Dir - look around, f - activate The yak is dazzled. x2; The yak gores you!
* * * LOW HITPOINT WARNING * * *
Unknown command.
Casting: Dazzling Flash (dangerous; 4% risk of failure)
Confirm with . or Enter, or press ? or * to list all spells.
Casting: Dazzling Flash (dangerous; 4% risk of failure)
Press: ? - help, Dir - look around, f - activate The yak is dazzled.
The yak gores you!
You die...

#...#### #..######...## #..
#....## #....##..### #..
####..# ##.##.....# #..
##Y#####......##.# #..
#.Y.##...###....## #..
###Y...#.#####...## #..
###...##.......#..####.. #
##.....##..#######....... #
#. #..###YY@...## ###.....
#.#.##.## #####...# ##.>..
#....#.## #....# #.##.
###.....####...#..# #.##.
...[..........###..###
#.##. #######.....###
#....# #.##. #.#.#.#
##.#..# #<#.. ...#.#..#
#)##.# #.#.#
#####.##.#####.##..####.#.#


You could see 5 yaks.

Vanquished Creatures
  Maggie (D:7)
  Prince Ribbit (D:7)
  9 yaks
  Duvessa (D:7)
  An ice beast (D:7)
  2 sky beasts (D:6)
  2 ogres
  A centaur (D:7)
  Blork the orc (D:6)
  A kobold brigand (D:8)
  A bullfrog (D:6)
  A gnoll sergeant (D:7)
  4 scorpions
  4 wights (D:7)
  Dowan (D:7)
  2 howler monkeys
  An orc priest (D:6)
  2 jellies
  5 hounds
  A sleepcap (D:6)
  4 iguanas
  5 gnolls
  4 adders
  2 ufetubi
  3 worms (D:3)
  9 orcs
  A bat (D:1)
  6 endoplasms
  3 giant cockroaches
  9 goblins
  13 hobgoblins
  7 jackals
  A quokka (D:5)
  4 ball pythons
  8 frilled lizards
  13 kobolds
  7 rats
  A fulminant prism (D:7)
142 creatures vanquished.

Vanquished Creatures (others)
  4 fulminant prisms (D:7)
4 creatures vanquished.

Grand Total: 146 creatures vanquished

Notes
Turn   | Place    | Note
-------+----------+-------------------------------------------
     0 | D:1      | Woods the Octopode Conjurer began the quest for the Orb.
     0 | D:1      | Reached XP level 1. HP: 11/11 MP: 3/3
   178 | D:1      | Reached skill level 3 in Stealth
   286 | D:1      | Reached XP level 2. HP: 17/17 MP: 1/5
  1025 | D:2      | Reached XP level 3. HP: 18/21 MP: 4/6
  1080 | D:1      | Learned a level 2 spell: Searing Ray
  1084 | D:1      | Learned a level 3 spell: Dazzling Flash
  1591 | D:2      | Reached XP level 4. HP: 27/27 MP: 5/7
  1968 | D:3      | Found a broken altar of Ashenzari.
  2099 | D:3      | Found an ancient bone altar of Kikubaaqudgha.
  2287 | D:3      | Reached skill level 4 in Stealth
  2724 | D:4      | Reached XP level 5. HP: 31/31 MP: 9/9
  3066 | D:4      | Noticed a black bear
  3130 | D:5      | Entered Level 5 of the Dungeon
  3239 | D:5      | Found Vesusuna's Distillery.
  3279 | D:5      | Found a hide-covered altar of Uskayaw.
  3295 | D:5      | Noticed an ogre
  3305 | D:5      | Killed an ogre
  3306 | D:5      | Reached skill level 5 in Stealth
  3306 | D:5      | Reached skill level 5 in Conjurations
  3306 | D:5      | Reached XP level 6. HP: 36/36 MP: 10/10
  3473 | D:5      | Reached XP level 7. HP: 36/41 MP: 12/12
  3478 | D:5      | Reached skill level 6 in Stealth
  3869 | D:5      | Learned a level 4 spell: Fulminant Prism
  3874 | D:5      | Learned a level 4 spell: Iskenderun's Mystic Blast
  3937 | D:6      | Noticed Blork the orc
  3944 | D:6      | Killed Blork the orc
  4098 | D:6      | Reached skill level 1 in Fighting
  4291 | D:6      | Found a stormy altar of Qazlal.
  4347 | D:6      | Reached skill level 5 in Dodging
  4347 | D:6      | Reached skill level 7 in Stealth
  4347 | D:6      | Reached XP level 8. HP: 40/49 MP: 14/14
  4528 | D:6      | Found a staircase to the Ecumenical Temple.
  4682 | Temple   | Entered the Ecumenical Temple
  4727 | Temple   | Became a worshipper of Vehumet
  4971 | D:6      | Found a burning altar of Makhleb.
  4972 | D:6      | Noticed a balrug
  5041 | D:6      | Found a bloodstained altar of Trog.
  5219 | D:7      | Noticed Maggie
  5289 | D:7      | Noticed a yak
  5289 | D:7      | Noticed a yak
  5290 | D:7      | Noticed a yak
  5298 | D:7      | Noticed a yak
  5317 | D:6      | Reached skill level 5 in Spellcasting
  5584 | D:7      | Noticed Duvessa
  5584 | D:7      | Noticed Dowan
  5680 | D:7      | Killed Maggie
  5748 | D:7      | Noticed Prince Ribbit
  5764 | D:7      | Killed Prince Ribbit
  5765 | D:7      | Reached XP level 9. HP: 28/59 MP: 16/16
  5919 | D:7      | Reached skill level 5 in Fighting
  6441 | D:7      | Reached * piety under Vehumet
  6441 | D:7      | Offered knowledge of Foxfire by Vehumet.
  6577 | D:7      | Killed Dowan
  6577 | D:7      | Killed Duvessa
  7043 | D:7      | Noticed Joseph
  7153 | D:8      | Reached skill level 8 in Stealth
  7153 | D:8      | Reached XP level 10. HP: 34/66 MP: 21/21
  7791 | D:8      | Slain by a yak

Illustrated notes

Levels and vault maps discovered:
D:1:      saegor_arrival_under_anarchy, layout_loops_cross
D:2:      layout_rooms
D:3:      minmay_octagon_keep, layout_rooms, mainiacjoe_overflow_catwalk,
          mainiacjoe_overflow_alcove_4, minmay_misc_feat_ornament
D:4:      layout_rooms
D:5:      layout_basic, nicolae_uskayaw_dance_hall, serial_shops,
          nicolae_take_the_stairs
D:6:      layout_loops_corners, nicolae_qazlal_scattered_showers,
          trog_hazing_becter, makhleb_altar_promises_db, temple_pool_b,
          uniq_blork_the_orc
D:7:      layout_loops_ring, nicolae_overflow_two_pavilions, uniq_joseph,
          uniq_maggie, uniq_duvessa, uniq_prince_ribbit1
D:8:      layout_rooms, nicolae_kite_square_tiling_tiny, dk_noncrumbling_2
Temple:   hellmonk_temple_forest_ring

Skill      XL: |  1  2  3  4  5  6  7  8  9 10 |
---------------+-------------------------------+-----
Stealth        | 3 4 5 7 8 |  8.6
Dodging        | 3 4 5 6 |  6.1
Spellcasting   | 3 4 5 7 |  7.7
Conjurations   | 5 7 |  7.8
Fighting       | 1 4 5 |  5.0

Action                     |  1- 3 |  4- 6 |  7- 9 | 10-12 || total
---------------------------+-------+-------+-------+-------++-------
  Melee: Unarmed           |    46 |     9 |       |       ||    55
         Constrict         |    12 |     3 |       |       ||    15
         Tentacles         |     7 |     2 |       |       ||     9
         Whip              |       |       |     1 |       ||     1
   Cast: Magic Dart        |    43 |    57 |    60 |     8 ||   168
         Searing Ray       |     2 |    18 |    51 |    11 ||    82
         Dazzling Flash    |       |       |     1 |     5 ||     6
         Fulminant Prism   |       |       |     5 |       ||     5
    Use: Scroll            |       |       |     1 |     1 ||     2
 Armour: Skin              |     4 |     2 |     3 |     1 ||    10
  Dodge: Dodged            |    34 |    13 |    53 |    14 ||   114
